 Dungeon Crawl Stone Soup version 0.30-a0-571-gdf30a72648 (webtiles) character file.

Game seed: 12179593901287642162

195573 wormed the Imperceptible (level 17, -5/94 HPs)
             Began as a Spriggan Hunter on Dec 29, 2022.
             Was the Champion of Okawaru.
             Slain by a manticore (44 damage)
             ... on level 2 of the Shoals on Dec 30, 2022.
             The game lasted 01:00:13 (28278 turns).

wormed the Imperceptible (Spriggan Hunter)         Turns: 28278, Time: 01:00:14

Health: -5/94      AC: 14    Str:  4    XL:     17   Next: 71%
Magic:  19/27      EV:  4    Int: 10    God:    Okawaru [******]
Gold:   2199       SH:  0    Dex: 36    Spells: 16/16 levels left

rFire   . . .      SeeInvis +    Q - +8 hand crossbow (drain)
rCold   + + +      Faith    .    (no shield)
rNeg    . . .      Spirit   .    W - +1 robe of Disaster {-Cast rC+++ rCorr}
rPois   .          Reflect  .    (helmet restricted)
rElec   +          Harm     .    s - +2 cloak
rCorr   +          Rampage  .    (gloves unavailable)
Will    ++...      NoCast   +    (boots unavailable) Stlth *+++++++++
                                 c - amulet "Xeruz" {*Corrode rElec Regen+ Str-3 Dex+9}
HPRegen 1.15/turn                O - +4 ring of protection
MPRegen 0.20/turn                u - +4 ring of protection

@: about to teleport, sleeping, heroic, finesse-ful, mesmerised, studying 2
skills, very quick
A: very small, no large weapons, unfitting armour, see invisible, speed 3
}: 1/15 runes: serpentine
a: Renounce Religion, Heroism, Finesse, Duel


You were on level 2 of the Shoals.
You worshipped Okawaru.
Okawaru was exalted by your worship.
You visited 6 branches of the dungeon, and saw 29 of its levels.
You also visited: Sewer, Ossuary and Ice Cave.

You collected 4413 gold pieces.
You spent 2214 gold pieces at shops.

Inventory:

Hand Weapons
 Q - a +8 hand crossbow of draining (weapon)
 S - a +5 arbalest of freezing
Armour
 j - a +2 robe of fire resistance
 s - a +2 cloak (worn)
 E - a +2 robe of willpower
 W - the +1 robe of Disaster (worn) {-Cast rC+++ rCorr}
   (Okawaru gifted it to you on level 4 of the Snake Pit)

   rC:        It renders you almost immune to cold.
   -Cast:     It prevents spellcasting.
   rCorr:     It protects you from acid and corrosion.
Jewellery
 c - the amulet "Xeruz" (around neck) {*Corrode rElec Regen+ Str-3 Dex+9}
   (You found it in a sewer)

   [amulet of regeneration]

   Str:       It affects your strength (-3).
   Dex:       It affects your dexterity (+9).
   rElec:     It insulates you from electricity.
   Regen:     It increases your rate of health regeneration.
   *Corrode:  It may corrode you when you take damage.
 n - a ring of flight
 u - a +4 ring of protection (right hand)
 M - a ring of poison resistance
 N - a ring of positive energy
 O - a +4 ring of protection (left hand)
 P - a ring of positive energy
 T - a ring of resist corrosion
Wands
 h - a wand of roots (11)
 v - a wand of flame (39)
 D - a wand of mindburst (23)
 V - a wand of polymorph (3)
 X - a wand of quicksilver (6)
Scrolls
 a - 6 scrolls of fear
 b - 11 scrolls of immolation
 d - 11 scrolls of teleportation (quivered)
 e - 3 scrolls of enchant armour
 l - a scroll of enchant weapon
 o - a scroll of torment
 r - 5 scrolls of amnesia
 t - 5 scrolls of poison
 x - a scroll of silence
 y - 7 scrolls of vulnerability
 J - 5 scrolls of fog
 K - 5 scrolls of blinking
 U - 2 scrolls of magic mapping
Potions
 f - 4 potions of heal wounds
 g - 6 potions of haste
 i - 3 potions of mutation
 k - 7 potions of invisibility
 m - 8 potions of attraction
 p - 5 potions of might
 q - 7 potions of curing
 w - 2 potions of berserk rage
 z - 11 potions of lignification
 A - 5 potions of magic
 B - 8 potions of flight
 F - a potion of cancellation
 H - 6 potions of resistance
 L - 4 potions of brilliance
 R - a potion of ambrosia


   Skills:
 - Level 12.5(17.5) Fighting
 - Level 18.0(23.0) Ranged Weapons
 - Level 18.6(23.6) Dodging
 - Level 21.6(26.6) Stealth
 + Level 5.1(10.1) Shields
 - Level 12.0 Invocations
 - Level 8.0 Evocations


You had 16 spell levels left.
You didn't know any spells.
Your spell library contained the following spells:

 Spells                   Type           Power      Damage    Failure   Level
 Beastly Appendage        Tmut           0%         N/A       36%         1
 Foxfire                  Conj/Fire      0%         2x1d4     36%         1
 Magic Dart               Conj           0%         1d3       36%         1
 Slow                     Hex            0%         N/A       36%         1
 Scorch                   Fire           0%         2d5       50%         2
 Searing Ray              Conj           0%         2d4       50%         2
 Wereblood                Tmut           0%         N/A       50%         2
 Confusing Touch          Hex            0%         N/A       75%         3
 Dazzling Flash           Conj/Hex       0%         N/A       75%         3
 Frozen Ramparts          Ice            0%         1d1       75%         3
 Ignite Poison            Fire/Tmut/Pois 0%         N/A       75%         3
 Kindle Blastsparks       Fire/Tloc/Air  0%         2d10      75%         3
 Spider Form              Tmut/Pois      0%         N/A       75%         3
 Vampiric Draining        Necr           0%         2d6       75%         3
 Vhi's Electric Charge    Tloc/Air       0%         N/A       75%         3
 Flame Wave               Conj/Fire      0%         2d4       98%         4
 Fulminant Prism          Conj/Hex       0%         3d5       98%         4
 Ice Form                 Ice/Tmut       0%         N/A       98%         4
 Passage of Golubria      Tloc           0%         N/A       98%         4
 Agony                    Necr           0%         N/A       100%        5
 Arcjolt                  Conj/Air       0%         1d10      100%        5
 Blade Hands              Tmut           0%         N/A       100%        5
 Fireball                 Conj/Fire      0%         3d3       100%        5
 Freezing Cloud           Conj/Ice/Air   0%         6-21      100%        5
 Silence                  Hex/Air        0%         N/A       100%        5
 Yara's Violent Unravell  Hex/Tmut       0%         3d3       100%        5
 Iron Shot                Conj/Erth      0%         9d1       100%        6
 Starburst                Conj/Fire      0%         6d3       100%        6
 Maxwell's Capacitive Co  Air            0%         ∞         100%        8
 Polar Vortex             Ice            0%         N/A       100%        9
 Tukima's Dance           Hex            Unusable   N/A       N/A         3
 Animate Armour           Summ/Erth      Unusable   N/A       N/A         4
 Summon Ice Beast         Ice/Summ       Unusable   N/A       N/A         4
 Simulacrum               Ice/Necr       Unusable   N/A       N/A         6
 Summon Cactus Giant      Summ           Unusable   N/A       N/A         6

Dungeon Overview and Level Annotations

Branches:
Dungeon (15/15)            Temple (1/1) D:6            Lair (5/5) D:10
 Shoals (2/4) Lair:3        Snake (4/4) Lair:2        Slime (0/5) Lair:5
    Orc (2/2) D:11            Elf (0/3) Orc:2        Vaults (0/5) D:13
 Depths (0/4) D:15          Sewer (visited)         Ossuary (visited)
  IceCv (visited)

Altars:
Ashenzari
Cheibriados
Dithmenos
Elyvilon
Fedhas
Gozag
Hepliaklqana
Kikubaaqudgha
Makhleb
Nemelex Xobeh
Okawaru
Qazlal
Ru
Sif Muna
Trog
Uskayaw
Vehumet
Wu Jian
Xom
Yredelemnul
Zin
The Shining One
Jiyva

Shops:
D:1 **?   D:7 :   D:10 *   Orc:1 :   Orc:2 *[[*(   Snake:2 ?(   Snake:4 *:*(

Annotations:
Shoals:2 1 transporter, exclusion: orange crystal statue


Innate Abilities, Weirdness & Mutations

You are very small and have problems with some larger weapons.
You are too small for most types of armour.
You have supernaturally acute eyesight. (SInv)
You cover ground extremely quickly. (Speed+++)


Message History

The snapping turtle bites you but does no damage.
The sea snake bites you.
The snapping turtle bites you from afar.
The merfolk siren completely misses you.
The manticore completely misses you. x2; The manticore misses you.
The dream sheep completely misses you.
Non-targeted read: 14 scrolls of teleportation
Press: ? - help, Q - select action, (/) - cycle Dir - look around, f - activate Look: a dream sheep (summoned)
As you read the scroll of teleportation, it crumbles to dust.
You feel strangely unstable. The sea snake completely misses you.
The snapping turtle completely misses you.
The snapping turtle misses you.
The merfolk avatar chants its luring song.
The merfolk siren chants its luring song.
The manticore completely misses you. x2; The manticore claws you.
The dream sheep ruffle their wool and motes of dream dust sparkle, to no effect.
Non-targeted read: 13 scrolls of teleportation
Press: ? - help, Q - select action, (/) - cycle Dir - look around, f - activate Look: a dream sheep (summoned)
As you read the scroll of teleportation, it crumbles to dust.
You feel strangely stable. The sea snake closely misses you.
The snapping turtle completely misses you. x2
The merfolk siren chants its luring song.
The manticore bites you. The manticore completely misses you. x2
The sea snake completely misses you. The dream sheep completely misses you.
Non-targeted read: 12 scrolls of teleportation
Press: ? - help, Q - select action, (/) - cycle Dir - look around, f - activate Look: a dream sheep (summoned)
As you read the scroll of teleportation, it crumbles to dust.
You feel strangely unstable.
The merfolk avatar chants its luring song.
The snapping turtle completely misses you. x2
The merfolk siren hits you from afar with a +0 trident!
The dream sheep shake their wool and sparkle.
You feel drowsy...
You fall asleep.
The manticore bites you!!!
You die...

~~~~~...#.......©.......##.....~≈
~~~~~.###...#########.........~~≈
..~~~.###..##8.....8##...).~~~~~≈
.~.~~~.....#.........#...)~)~~~≈≈
.~~~~~~....#.#..©..#.#~~.~~~~≈≈≈≈
.~~~~~~~~~.#..#.HY#..#.~~~~≈≈≈≈≈≈
#~~~~~~~~~÷#..tt8mC.?#~~~~~≈≈≈≈≈≈
#.~~~~~~~~~#..#HSY#..#~~~~≈≈≈≈≈≈≈
#.~~~~~~...#.#..@m.#.#.~≈≈≈≈≈≈≈≈≈
..~~~~~.#..#..$"$[$..#~~≈≈≈≈≈≈~~.
~~~~~~.##..##8)|©[$8##~~...~~P.P.
.~~~~~~....~#########~~~....P..P.
..~~~~~..~~~~~~.©....~.~~..~.....
.~~~~~~~~~~~~~......^<~~..~~..PP.
.~~~~~~~~~~~~~.......~~~~~~~..~..
.~~≈≈≈≈≈~~~~~........~~...~..P...
..~~~~≈≈~~~~~~~.>...~~~..P~..####


You could see a merfolk avatar (mesmerising), an orange crystal statue, a sea
snake (summoned), 2 snapping turtles, 2 manticores, a cyclops (summoned), a
merfolk siren (summoned, mesmerising) and 2 dream sheep.

Vanquished Creatures
  Vashnia (Snake:4)
  Rupert (Lair:4)
  Kirke (D:12)
  Ilsuiw (Shoals:2)
  7 nagarajas
  Aizul (Snake:3)
  A stone giant (D:15)
  Nessos (Lair:4)
  2 very ugly things (IceCv)
  Azrael (D:12)
  2 merfolk impalers
  A fire dragon (Lair:5)
  6 hydras
  A vault guard (D:13)
  An anaconda (shapeshifter) (D:13)
  3 salamander tyrants
  A caustic shrike simulacrum (IceCv)
  A boulder beetle (D:11)
  14 anacondas
  7 centaur warriors
  2 catoblepae
  2 merfolk avatars
  A satyr (Shoals:2)
  2 tengu warriors (D:15)
  5 death yaks
  11 naga warriors
  3 two-headed ogres
  12 naga sharpshooters
  8 shock serpents
  6 salamander mystics
  2 deep trolls (D:15)
  2 orange crystal statues (IceCv)
  2 sea snakes (Shoals:1)
  3 wizards
  2 spriggan simulacra (D:15)
  A lindwurm (Lair:5)
  8 naga ritualists
  5 orc knights
  4 harpies (Shoals:1)
  5 mana vipers
  A necromancer (D:13)
  An orc sorcerer (Orc:1)
  7 manticores
  7 cyclopes
  13 ugly things
  9 fauns (Shoals:2)
  9 salamanders
  23 elephants
  9 guardian serpents
  7 merfolk sirens
  25 black mambas
  Maurice (D:9)
  15 naga magi
  A water nymph (Shoals:2)
  Maggie (D:6)
  8 torpor snails
  3 gargoyles
  5 unseen horrors
  10 cane toads
  2 efreet
  A yaktaur (D:13)
  4 freezing wraiths (IceCv)
  8 komodo dragons
  2 anaconda simulacra (IceCv)
  2 tengu conjurers (D:15)
  2 golden dragon simulacra (IceCv)
  6 merfolk
  A polar bear (Lair:4)
  4 tyrant leeches (Lair:5)
  7 trolls
  5 wind drakes
  7 hornets (Lair:5)
  Grinder (D:5)
  13 slime creatures
  2 snapping turtles
  15 blink frogs
  22 dream sheep
  2 shadows
  2 wraiths
  34 yaks
  7 wyverns
  2 dire elephant simulacra (D:15)
  2 hogs
  21 humans
  Eustachio (D:6)
  2 fire elementals (D:12)
  4 basilisks
  2 steam dragons
  2 minotaur simulacra (D:15)
  2 wargs
  3 vampire mosquitoes (D:12)
  40 nagas
  2 acid dragons
  4 hydra simulacra (IceCv)
  12 water moccasins
  41 orc warriors
  2 hell hounds (D:12)
  An ice beast (D:8)
  5 alligator simulacra
  2 ettin simulacra (IceCv)
  2 black bears
  3 sky beasts
  9 wolves
  24 centaurs
  3 ogres
  3 phantoms
  A kobold brigand (D:6)
  11 bullfrogs
  4 water moccasin zombies (Ossuary)
  2 scorpions
  9 wights
  5 killer bees (D:9)
  2 lindwurm simulacra
  An electric eel (Lair:3)
  9 howler monkeys
  4 crimson imps (D:14)
  6 hounds
  15 orc priests
  2 jellies
  3 gnoll boudas
  Terence (D:3)
  5 iguanas
  6 hell rats (Lair:5)
  17 orc wizards
  2 mummies (Ossuary)
  11 gnolls
  13 adders
  A shadow imp (D:8)
  3 white imps
  5 adder zombies (Ossuary)
  2 worms
  4 dart slugs
  84 orcs
  4 bats
  4 endoplasms
  4 giant cockroaches
  A gnoll zombie (Ossuary)
  8 goblins
  4 hobgoblins
  12 quokkas
  8 ball pythons
  15 frilled lizards
  A goblin zombie (D:6)
  7 hobgoblin zombies (Ossuary)
  7 kobolds
  9 kobold zombies (Ossuary)
  4 orc zombies (Ossuary)
  5 rats
  A butterfly (Lair:5)
960 creatures vanquished.

Vanquished Creatures (others)
  26 fungi
  44 plants
70 creatures vanquished.

Grand Total: 1030 creatures vanquished

Notes
Turn   | Place    | Note
-------+----------+-------------------------------------------
     0 | D:1      | wormed the Spriggan Hunter began the quest for the Orb.
     0 | D:1      | Reached XP level 1. HP: 10/10 MP: 2/2
    29 | D:1      | Found Banoywut's Magic Scroll Emporium.
   210 | D:1      | Reached skill level 2 in Stealth
   210 | D:1      | Reached XP level 2. HP: 15/15 MP: 3/3
   224 | D:1      | Found Zops's General Store.
   266 | D:1      | Found Basoa's Assorted Antiques.
   539 | D:2      | Found a faded altar of an unknown god.
   650 | D:2      | Reached XP level 3. HP: 17/18 MP: 4/4
  1428 | D:3      | Reached skill level 3 in Stealth
  1428 | D:3      | Reached XP level 4. HP: 23/23 MP: 5/5
  1804 | D:3      | Noticed a phantom
  1862 | D:3      | Noticed Terence
  1882 | D:3      | Killed a phantom
  1883 | D:3      | Reached skill level 5 in Ranged Weapons
  1883 | D:3      | Reached XP level 5. HP: 25/27 MP: 6/6
  2263 | D:4      | Reached skill level 4 in Stealth
  2517 | D:4      | Identified the +5 quarterstaff of Naomn {flame, rF- rC+
                  | Str+3}
  2566 | D:4      | Reached XP level 6. HP: 32/32 MP: 7/7
  2893 | D:3      | Found a sparkling altar of Nemelex Xobeh.
  2894 | D:3      | Found an opulent altar of Gozag.
  2959 | D:3      | Killed Terence
  3274 | D:4      | Reached skill level 5 in Stealth
  3338 | D:5      | Entered Level 5 of the Dungeon
  3463 | D:5      | Reached skill level 5 in Dodging
  3463 | D:5      | Reached XP level 7. HP: 29/36 MP: 8/8
  3700 | D:5      | Noticed a steam dragon
  3721 | D:5      | Noticed Grinder
  4006 | D:5      | Killed Grinder
  4007 | D:5      | Reached skill level 6 in Stealth
  4254 | D:5      | Killed a steam dragon
  4255 | D:5      | Reached XP level 8. HP: 16/42 MP: 9/9
  4648 | D:6      | You are sucked into a shaft and drop 1 floor!
  4661 | D:6      | Found a glowing drain.
  4680 | Sewer    | Entered a sewer
  4762 | Sewer    | Identified the amulet "Xeruz" {*Corrode rElec Regen+ Str-3
                  | Dex+9}
  4768 | Sewer    | Reached skill level 7 in Stealth
  4995 | D:6      | Found a sand-covered staircase.
  5003 | Ossuary  | Entered an ossuary
  5224 | D:6      | Found a staircase to the Ecumenical Temple.
  5260 | D:6      | Reached skill level 8 in Stealth
  5274 | Temple   | Entered the Ecumenical Temple
  5670 | D:6      | Noticed Maggie
  5698 | D:6      | Killed Maggie
  5699 | D:6      | Reached XP level 9. HP: 46/46 MP: 10/10
  5718 | D:6      | Noticed Eustachio
  5724 | D:6      | Killed Eustachio
  5970 | D:6      | Reached skill level 5 in Fighting
  5970 | D:6      | Reached skill level 9 in Stealth
  6110 | D:6      | Found a glowing silver altar of Zin.
  6290 | D:1      | Bought a scroll of identify for 32 gold pieces
  6290 | D:1      | Bought a scroll of identify for 32 gold pieces
  6290 | D:1      | Bought 2 scrolls labelled FASIODWOOBB for 32 gold pieces
  6324 | D:1      | Bought 3 scrolls of identify for 66 gold pieces
  6397 | D:1      | Bought a scroll of identify for 22 gold pieces
  6397 | D:1      | Bought a scroll of identify for 22 gold pieces
  6919 | D:7      | Found Rechacoune's Vocational Training.
  7070 | D:7      | Reached skill level 10 in Ranged Weapons
  7070 | D:7      | Reached skill level 10 in Stealth
  7452 | D:7      | Reached XP level 10. HP: 52/52 MP: 11/11
  8396 | D:8      | Reached skill level 11 in Stealth
  8741 | D:9      | Reached skill level 10 in Dodging
  8852 | D:9      | Identified a scroll of acquirement
  8853 | D:9      | Acquired 1103 gold pieces
  9094 | D:9      | Noticed Maurice
  9411 | D:9      | Killed Maurice
  9412 | D:9      | Reached XP level 11. HP: 57/58 MP: 12/12
  9593 | D:10     | Entered Level 10 of the Dungeon
  9652 | D:10     | Found Foosooti's CLEARANCE SALE!.
  9658 | D:10     | Bought a scroll of identify for 8 gold pieces
  9833 | D:10     | Reached skill level 12 in Stealth
  9859 | D:10     | Found a staircase to the Lair.
 10008 | D:10     | Noticed a two-headed ogre
 10013 | D:10     | Killed a two-headed ogre
 10037 | D:10     | Noticed a two-headed ogre
 10105 | D:10     | Killed a two-headed ogre
 10208 | D:10     | Found a basalt altar of Yredelemnul.
 10208 | D:10     | Found a broken altar of Ashenzari.
 10214 | D:10     | Found a snail-covered altar of Cheibriados.
 10216 | D:10     | Found a sacrificial altar of Ru.
 10218 | D:10     | Found an iron altar of Okawaru.
 10311 | D:10     | Became a worshipper of Warmaster Okawaru
 10582 | Lair:1   | Entered Level 1 of the Lair of Beasts
 11000 | D:11     | Reached * piety under Okawaru
 11062 | D:11     | Noticed a boulder beetle
 11267 | Lair:1   | Reached skill level 13 in Stealth
 11417 | Lair:1   | Reached ** piety under Okawaru
 11753 | Lair:1   | Reached *** piety under Okawaru
 11842 | Lair:1   | Reached XP level 12. HP: 63/63 MP: 13/13
 12006 | Lair:2   | Found a staircase to the Snake Pit.
 12502 | Lair:3   | Noticed a catoblepas
 12931 | Lair:3   | Killed a catoblepas
 12931 | Lair:3   | Reached **** piety under Okawaru
 12932 | Lair:3   | Reached skill level 14 in Stealth
 12954 | Lair:3   | Noticed a death yak
 12955 | Lair:3   | Noticed a death yak
 12955 | Lair:3   | Noticed a death yak
 12977 | Lair:3   | Killed a death yak
 13034 | Lair:2   | Killed a death yak
 13118 | Lair:2   | Killed a death yak
 13164 | Lair:3   | Identified the +6 hand axe of the Piercing Stork {speed,
                  | rPois rF+ Int+3 Dex-5}
 13391 | Lair:3   | Found a staircase to the Shoals.
 13938 | Lair:4   | Noticed a death yak
 13939 | Lair:4   | Noticed a death yak
 13945 | Lair:3   | Reached ***** piety under Okawaru
 14008 | Lair:4   | Noticed Nessos
 14090 | Lair:3   | Killed a death yak
 14234 | Lair:3   | Killed a death yak
 14235 | Lair:3   | Reached skill level 15 in Stealth
 14323 | Lair:4   | Identified the +5 arbalest of the Leaping Gods {antimagic,
                  | Fragile rElec Dex+4} (Okawaru gifted it to you on level 4
                  | of the Lair of Beasts)
 14323 | Lair:4   | Received a gift from Okawaru
 14368 | Lair:4   | Reached XP level 13. HP: 60/69 MP: 4/14
 14399 | Lair:4   | You are sucked into a shaft and drop 1 floor!
 14399 | Lair:5   | Entered Level 5 of the Lair of Beasts
 14405 | Lair:5   | Found a runed translucent door.
 14406 | Lair:5   | Noticed a fire dragon
 14533 | Lair:5   | Received a gift from Okawaru
 14538 | Lair:5   | Reached skill level 15 in Ranged Weapons
 14700 | Lair:5   | Found a staircase to the Slime Pits.
 14701 | Lair:5   | Found a viscous altar of Jiyva.
 14718 | Lair:5   | Reached skill level 16 in Stealth
 14867 | Lair:4   | Killed Nessos
 15258 | Lair:4   | Received a gift from Okawaru
 15465 | Lair:4   | Noticed Rupert
 15517 | Lair:4   | Killed Rupert
 15517 | Lair:4   | Reached ****** piety under Okawaru
 16063 | Lair:5   | Identified the +9 morningstar "Fycococo" {elec, rN+ Int+3}
 16096 | Lair:5   | Received a gift from Okawaru
 16097 | Lair:5   | Reached XP level 14. HP: 76/76 MP: 5/15
 16246 | Lair:5   | Reached skill level 17 in Stealth
 16425 | Lair:5   | Reached skill level 1 in Evocations
 16434 | Lair:5   | Reached skill level 1 in Invocations
 16575 | Lair:5   | Paralysed by a hornet for 2 turns
 17462 | D:11     | Found a staircase to the Orcish Mines.
 17848 | D:11     | Reached skill level 10 in Fighting
 17924 | D:12     | Noticed Kirke
 17974 | D:12     | Reached skill level 15 in Dodging
 17982 | D:12     | Noticed Azrael
 17986 | D:12     | Killed Azrael
 18000 | D:12     | Killed Kirke
 18054 | D:12     | Reached skill level 5 in Evocations
 18064 | D:12     | Found a snail-covered altar of Cheibriados.
 18165 | D:12     | Received a gift from Okawaru
 18971 | D:13     | Received a gift from Okawaru
 19001 | D:13     | Reached skill level 5 in Invocations
 19014 | D:13     | Received a gift from Okawaru
 19033 | D:13     | Found a gate to the Vaults.
 19363 | D:14     | Reached skill level 18 in Stealth
 19381 | D:14     | Reached XP level 15. HP: 79/80 MP: 6/20
 19530 | D:14     | Received a gift from Okawaru
 19706 | D:14     | Found a shimmering altar of Xom.
 19988 | D:15     | Entered Level 15 of the Dungeon
 20133 | D:15     | Found a frozen archway.
 20146 | IceCv    | Entered an ice cave
 20261 | IceCv    | Received a gift from Okawaru
 20393 | IceCv    | Identified the +0 hand axe of Subterfuge {heavy, Drain
                  | Int+6 Dex+3}
 20479 | D:15     | Found a staircase to the Depths.
 21341 | Orc:1    | Entered Level 1 of the Orcish Mines
 21575 | Orc:2    | Entered Level 2 of the Orcish Mines
 21681 | Orc:2    | Received a gift from Okawaru
 21747 | Orc:2    | Found the +16 obsidian axe {drain, Mesm Drain Fly SInv}
 21808 | Orc:2    | Found a staircase to the Elven Halls.
 21867 | Orc:2    | Found Tybb's General Store.
 22141 | Orc:2    | Found Qulu's Assorted Antiques.
 22141 | Orc:2    | Found Veunka's Antique Armour Boutique.
 22143 | Orc:2    | Found Luozigam's Armour Shop.
 22145 | Orc:2    | Found Dyus's Weapon Shoppe.
 22376 | Orc:1    | Found Hibina's Self-Improvement Boutique.
 22415 | Orc:1    | Bought a manual of Ranged Weapons for 880 gold pieces
 22746 | D:7      | Bought a manual of Invocations for 1120 gold pieces
 23069 | Snake:1  | Entered Level 1 of the Snake Pit
 23138 | Snake:1  | Reached skill level 19 in Stealth
 23300 | Snake:1  | Reached XP level 16. HP: 86/86 MP: 7/23
 23808 | Snake:1  | Identified the +9 trident of Fixation {freeze, *Noise rElec
                  | rC+ Dex+3}
 24335 | Snake:2  | Received a gift from Okawaru
 24393 | Snake:2  | Reached skill level 10 in Invocations
 24435 | Snake:2  | Reached skill level 20 in Stealth
 24664 | Snake:2  | Found Ocwuys's Antique Weapon Boutique.
 24821 | Snake:2  | Found Surural's Magic Scroll Shop.
 24882 | Snake:3  | Identified the +1 robe "Kaiskadd" {Int+4 Dex-3} (Okawaru
                  | gifted it to you on level 3 of the Snake Pit)
 24882 | Snake:3  | Received a gift from Okawaru
 25210 | Snake:3  | Noticed Aizul
 25224 | Snake:3  | Killed Aizul
 25349 | Snake:3  | Reached XP level 17. HP: 66/93 MP: 8/26
 25522 | Snake:4  | Entered Level 4 of the Snake Pit
 25596 | Snake:4  | Found Wed Liwnil's Antique Weapon Emporium.
 25596 | Snake:4  | Found Uthoaliu's General Store.
 25597 | Snake:4  | Found Hiqyetz's Book Shoppe.
 25599 | Snake:4  | Found Liom's Assorted Antiques.
 25995 | Snake:4  | Reached skill level 21 in Stealth
 26116 | Snake:4  | Noticed Vashnia
 26286 | Snake:4  | Identified the +1 robe of Disaster {-Cast rC+++ rCorr}
                  | (Okawaru gifted it to you on level 4 of the Snake Pit)
 26286 | Snake:4  | Received a gift from Okawaru
 26424 | Snake:4  | Killed Vashnia
 26639 | Snake:4  | Got a serpentine rune of Zot
 26868 | Shoals:1 | Entered Level 1 of the Shoals
 27045 | Shoals:1 | Reached skill level 1 in Shields
 27114 | Shoals:1 | Identified the +4 kite shield of the Morning Star {Drain
                  | rPois rCorr Str+7}
 27245 | Shoals:1 | Found a shimmering altar of Xom.
 27640 | Shoals:2 | Noticed Ilsuiw
 27813 | Shoals:2 | Identified the +3 morningstar of Chance {heavy, *Rage rElec
                  | rN+}
 27860 | Shoals:2 | Found a transporter.
 27863 | Shoals:2 | Found a transporter.
 27904 | Shoals:2 | Killed Ilsuiw
 27933 | Shoals:2 | Reached skill level 5 in Shields
 28278 | Shoals:2 | Slain by a manticore

Illustrated notes

Levels and vault maps discovered:
D:1:      dpeg_arrival_arbitrary_c, layout_rooms, serial_shops,
          nicolae_lakefront_shop, shop, shop, palyth_stone_intersect
D:2:      layout_basic, shapermc_ecumenical_altar_acropolis
D:3:      layout_loops_corners, grunt_temple_overflow_opulence, nicolae_titane,
          uniq_terence
D:4:      layout_loops_ring
D:5:      nicolae_cairo_tiling_large, layout_loops_ring, minivault_5,
          kennysheep_generic_room_2, uniq_grinder
D:6:      layout_basic, zin_treasury, minmay_temple_entry_junction,
          enter_ossuary_3, cheibrodos_sewer_entry_sluice,
          hangedman_decor_lopped, uniq_maggie, uniq_eustachio
D:7:      layout_layer_cave, nicolae_shop_vocational
D:8:      layout_basic
D:9:      layout_loops_ring, uniq_maurice
D:10:     layout_loops_corners, chequers_temple_overflow_minitemple,
          grunt_lair_entry_orc_guard_hut, chequers_serial_rivers_micro_d,
          nicolae_shop_clearance
D:11:     layout_gridville, david_orc_1_choice, lemuel_nasty_fountain
D:12:     layout_gridville, cheibriados_altar_1, uniq_kirke, uniq_azrael
D:13:     layout_loops_ring, grunt_vaults_entry_tiered,
          chequers_serial_rivers_small_a
D:14:     layout_basic, led_xom_imps
D:15:     hangedman_depths_entry_civil_slaughter, layout_loops_ring,
          nicolae_kite_square_tiling_tiny, portal_ice_cave_entry_ice_simulacra
Temple:   nicolae_temple_bog_church
Lair:1:   layout_concentric_octagons, lemuel_fruit_tree
Lair:2:   layout_misc_corridors, guppyfry_snake_entry_garden, st_stairs_12,
          infiniplex_staircase_pool
Lair:3:   layout_layer_cave, shoals_dummy_entry, nicolae_quartered_pool_super,
          serial_bayou_shore_b
Lair:4:   layout_small_grid, uniq_nessos, uniq_rupert
Lair:5:   wormcave, layout_big_grid, slime_entry_1, lemuel_fruit_fields,
          serial_bayou_shore_b, grunt_megastairs_1
Shoals:1: layout_shoals, nicolae_shoals_lost_giant_baths, lemuel_centaur_altar
Shoals:2: gammafunk_sealed_arena, layout_shoals, uniq_ilsuiw
Snake:1:  layout_rooms, hangedman_snake_sidewinding
Snake:2:  layout_onion, serial_shops, nicolae_shop_window_shopping, shop
Snake:3:  nicolae_aizul_guard, layout_misc_corridors
Snake:4:  johnstein_snake_rune_scales, layout_cave_pods, minmay_shoptagon
Orc:1:    layout_caves, nicolae_shop_self_help
Orc:2:    st_orc_rangers, layout_caves, serial_shops, shop,
          dreamdust_deal_with_the_devil

Skill      XL: |  1  2  3  4  5  6  7  8  9 10 11 12 13 14 15 16 17 |
---------------+----------------------------------------------------+-----
Dodging        | 3 4 5 6 7 8 10 11 13 14 15 16 17 18 | 18.6
Stealth        | 2 3 4 5 6 8 10 11 13 15 16 18 19 20 21 | 21.6
Fighting       | 2 3 4 5 6 7 8 9 10 11 12 | 12.5
Ranged Weapons | 5 6 7 8 10 11 13 14 16 17 18 | 18.0
Evocations     | 7 8 |  8.0
Invocations    | 5 8 11 12 | 12.0
Shields        | 5 |  5.1

Action                   |  1- 3 |  4- 6 |  7- 9 | 10-12 | 13-15 | 16-18 || total
-------------------------+-------+-------+-------+-------+-------+-------++-------
 Fire: Shortbow          |    91 |   163 |   534 |   983 |       |       ||  1771
       Arbalest          |       |       |       |    15 |  1194 |   601 ||  1810
       Hand crossbow     |       |       |       |       |       |   186 ||   186
Invok: Heroism           |       |       |       |       |       |     1 ||     1
       Finesse           |       |       |       |       |       |     1 ||     1
Evoke: Wand              |       |       |       |     1 |       |       ||     1
  Use: Scroll            |       |       |    16 |     5 |    14 |    12 ||    47
       Potion            |       |       |       |     4 |     4 |     2 ||    10
Armor: Robe              |     2 |     2 |    11 |    22 |    35 |    38 ||   110
       Steam dragon scal |       |       |    29 |       |       |       ||    29
Dodge: Dodged            |    41 |    50 |   304 |   556 |   839 |   815 ||  2605

Table legend: (Time is in decaauts)
 A = Elapsed time spent in this place.
 B = Non-inter-level travel time spent in this place.
 C = Inter-level travel time spent in this place.
 D = Time resting spent in this place.
 E = Time spent auto-exploring this place.
 F = Levels seen in this place.
 G = Mean time per level.
                   A        B        C        D        E       F      G
               +--------+--------+--------+--------+--------+-----+--------+
         Total |  20256 |  18410 |   1846 |    815 |  11441 |  32 |  633.0 |
       Dungeon |  10118 |   9022 |   1096 |    222 |   6239 |  15 |  674.5 |
        Temple |     88 |     76 |     12 |      0 |     68 |   1 |   88.0 |
          Lair |   4660 |   4251 |    409 |    571 |   2070 |   5 |  932.0 |
        Shoals |   1138 |   1099 |     39 |      0 |    817 |   2 |  569.0 |
     Snake Pit |   2729 |   2594 |    135 |     22 |   1586 |   4 |  682.2 |
  Orcish Mines |    937 |    785 |    152 |      0 |    448 |   2 |  468.5 |
         Sewer |    196 |    196 |      0 |      0 |     74 |   1 |  196.0 |
       Ossuary |    165 |    165 |      0 |      0 |     51 |   1 |  165.0 |
      Ice Cave |    221 |    221 |      0 |      0 |     85 |   1 |  221.0 |
               +--------+--------+--------+--------+--------+-----+--------+

Top non-repeatable levels by time:
  Lair:5: 1182 daAuts
  Lair:3: 1044 daAuts
  Lair:2: 1009 daAuts
     D:7: 1007 daAuts
     D:5: 981 daAuts
 Snake:4: 918 daAuts
     D:3: 891 daAuts
 Snake:1: 811 daAuts
    D:11: 799 daAuts
    D:10: 797 daAuts
  Lair:4: 796 daAuts
     D:6: 739 daAuts
     D:4: 713 daAuts
Shoals:1: 659 daAuts
     D:9: 646 daAuts
